 Dungeon Sprint DCSS version 0.29.1-15-g9cfb28693d (webtiles) character file.

Game seed: 14072561680357676559

42182 Groucho the Naga Aeon (level 14, -21/141 HPs)
             Began as a Naga Fighter on Apr 30, 2023.
             Was the Champion of Cheibriados.
             Demolished by an iron golem (30 damage)
             ... in the Dungeon (Sprint V: "Ziggurat Sprint").
             The game lasted 00:12:18 (2868 turns).

Groucho the Naga Aeon (Naga Fighter)                Turns: 2868, Time: 00:12:18

Health: -21/141    AC: 34    Str: 35    XL:     14   Next: 18%
Magic:  23/36      EV: 17    Int: 24    God:    Cheibriados [******]
Gold:   0          SH: 42    Dex: 38    Spells: 13/13 levels left

rFire   . . .      SeeInvis +   a - +6 shillelagh "Devastator" {shatter}
rCold   + . .      Faith    .   c - +18 shield of the Gong {rElec rN+ Will+ EV-5}
rNeg    + + .      Spirit   .   b - +15 Maxwell's patent armour {-Cast -Tele rElec Will+ rCorr}
rPois   +          Reflect  +   (no helmet)
rElec   +          Harm     .   P - +0 cloak
rCorr   +          Rampage  .   F - +0 pair of gloves {Dex+3}
Will    +++..      NoTele   +   (no barding)
Stlth   .......... NoCast   +   J - amulet of reflection
HPRegen 0.33/turn               s - +6 ring of dexterity
MPRegen 0.25/turn               T - ring of Somor {rC+ rN+ MP+9 EV+4}

@: studying Fire Magic, very slow
A: AC +4, large, see invisible, deformed body, poison resistance, slowness 2,
spit poison 1, naga tail 2
a: Spit Poison, Renounce Religion, Bend Time, Temporal Distortion, Slouch, Step
From Time


You were in the Dungeon.
You worshipped Cheibriados.
Cheibriados was exalted by your worship.
You visited 1 branch

Inventory:

Hand Weapons
 a - the +6 shillelagh "Devastator" (weapon) {shatter}
   (You found it in the Dungeon)

   It releases a powerful concussive burst when it strikes, dealing extra damage
   to the target and all other foes adjacent to them.
 k - a +5 vorpal hand crossbow
 l - a +5 sling
 I - the +5 morningstar "Luxuxzoc" {elec, Fly Dex+2 Stlth+}
   (You found it in the Dungeon)

   It occasionally discharges a powerful burst of electricity upon striking a
   foe.
   Dex:       It affects your dexterity (+2).
   Fly:       It grants you flight.
   Stlth:     It makes you more stealthy.
 N - the +3 greatsling "Punk" {acid, rCorr}
   (You found it in the Dungeon)

   Any ammunition fired from it is coated in acid, damaging and corroding those
   it strikes.
   rCorr:     It protects you from acid and corrosion.
Armour
 b - the +15 Maxwell's patent armour (worn) {-Cast -Tele rElec Will+ rCorr}
   (You found it in the Dungeon)

   rElec:     It insulates you from electricity.
   -Cast:     It prevents spellcasting.
   -Tele:     It prevents most forms of teleportation.
   rCorr:     It protects you from acid and corrosion.
   Will:      It increases your willpower.
 c - the +18 shield of the Gong (worn) {rElec rN+ Will+ EV-5}
   (You found it in the Dungeon)

   It is deafeningly noisy when blocking attacks.
   EV:        It affects your evasion (-5).
   rElec:     It insulates you from electricity.
   rN:        It protects you from negative energy.
   Will:      It increases your willpower.
 m - +5 gold dragon scales
 F - a +0 pair of gloves of dexterity (worn)
 P - a +0 cloak (worn)
Jewellery
 q - a ring of flight
 r - a +6 ring of dexterity
 s - a +6 ring of dexterity (left hand)
 t - a +6 ring of intelligence
 u - a +6 ring of intelligence
 v - a +6 ring of strength
 w - a +6 ring of strength
 G - a ring of protection from fire
 H - the ring of Neiretio {rPois rN+ SInv}
   (You found it in the Dungeon)

   [ring of see invisible]

   rPois:     It protects you from poison.
   rN:        It protects you from negative energy.
   SInv:      It lets you see invisible.
 J - an amulet of reflection (around neck)
 K - a +6 ring of strength
 L - the amulet "Idduguq" {Faith Slay+3}
   (You found it in the Dungeon)

   [amulet of faith]

   It allows you to gain divine favour quickly.
   Slay:      It affects your accuracy & damage with ranged weapons and melee
   (+3).
 M - an amulet of regeneration
 O - the ring "Hupydiv" {rC+ rCorr Str+6}
   (You took it off a yellow draconian in the Dungeon)

   [ring of strength]

   Str:       It affects your strength (+6).
   rC:        It protects you from cold.
   rCorr:     It protects you from acid and corrosion.
 Q - a ring of ice
 R - a +6 ring of strength
 S - an amulet of the acrobat
 T - the ring of Somor (right hand) {rC+ rN+ MP+9 EV+4}
   (You found it in the Dungeon)

   [ring of evasion]

   EV:        It affects your evasion (+4).
   rC:        It protects you from cold.
   rN:        It protects you from negative energy.
   MP:        It affects your magic capacity (+9).
 V - the ring "Kaopnipt" {Will+ Str+6 Int+3}
   (You found it in the Dungeon)

   [ring of willpower]

   Str:       It affects your strength (+6).
   Int:       It affects your intelligence (+3).
   Will:      It increases your willpower.
 W - the ring of Untruth {+Blink rN+++ MP+9 Int+10}
   (You found it in the Dungeon)

   [ring of magical power]

   Int:       It affects your intelligence (+10).
   rN:        It renders you almost immune to negative energy.
   MP:        It affects your magic capacity (+9).
   +Blink:    It lets you blink.
 X - the ring of Hulex {rElec rN+}
   (You found it in the Dungeon)

   [ring of positive energy]

   rElec:     It insulates you from electricity.
   rN:        It protects you from negative energy.
Wands
 n - a wand of mindburst (7)
 o - a wand of iceblast (7)
 p - a wand of quicksilver (7)
Scrolls
 j - 4 scrolls of blinking
 x - 4 scrolls of amnesia
 y - 8 scrolls of butterflies
 z - 5 scrolls of identify
 A - 2 scrolls of fear
 U - a scroll of brand weapon
Potions
 d - 6 potions of might
 e - 10 potions of curing
 f - 3 potions of heal wounds
 g - 10 potions of haste
 h - 6 potions of magic
 i - 3 potions of berserk rage
 B - 2 potions of brilliance
 C - 2 potions of invisibility
 D - 4 potions of resistance
 E - a potion of experience


   Skills:
 + Level 13.0 Fighting
 + Level 12.8 Maces & Flails
 * Level 12.5 Ranged Weapons
 * Level 15.1 Armour
 + Level 10.7 Dodging
 * Level 16.3 Shields
 + Level 18.1 Invocations


You had 13 spell levels left.
You didn't know any spells.
Your spell library contained the following spells:

 Spells                   Type           Power      Damage    Failure   Level
 Apportation              Tloc           0%         N/A       67%         1
 Foxfire                  Conj/Fire      0%         2x1d4     67%         1
 Sandblast                Erth           0%         2d4       67%         1
 Slow                     Hex            0%         N/A       67%         1
 Blink                    Tloc           0%         N/A       80%         2
 Scorch                   Fire           0%         2d5       80%         2
 Confusing Touch          Hex            0%         N/A       95%         3
 Conjure Flame            Conj/Fire      0%         6-21      95%         3
 Ignite Poison            Fire/Tmut/Pois 0%         N/A       95%         3
 Inner Flame              Hex/Fire       0%         N/A       95%         3
 Mephitic Cloud           Conj/Pois/Air  0%         N/A       95%         3
 Spider Form              Tmut/Pois      0%         N/A       95%         3
 Summon Guardian Golem    Hex/Summ       0%         N/A       95%         3
 Tukima's Dance           Hex            0%         N/A       95%         3
 Vampiric Draining        Necr           0%         2d6       95%         3
 Airstrike                Air            0%         2d(0-16)  100%        4
 Animate Armour           Summ/Erth      0%         N/A       100%        4
 Animate Dead             Necr           0%         N/A       100%        4
 Cause Fear               Hex            0%         N/A       100%        4
 Flame Wave               Conj/Fire      0%         2d4       100%        4
 Fulminant Prism          Conj/Hex       0%         3d6       100%        4
 Ice Form                 Ice/Tmut       0%         N/A       100%        4
 Olgreb's Toxic Radiance  Pois           0%         N/A       100%        4
 Passage of Golubria      Tloc           0%         N/A       100%        4
 Sticky Flame             Conj/Fire      0%         2d3       100%        4
 Summon Ice Beast         Ice/Summ       0%         N/A       100%        4
 Alistair's Intoxication  Tmut/Pois      0%         N/A       100%        5
 Blade Hands              Tmut           0%         N/A       100%        5
 Borgnjor's Vile Clutch   Necr/Erth      0%         N/A       100%        5
 Freezing Cloud           Conj/Ice/Air   0%         6-21      100%        5
 Lee's Rapid Deconstruct  Erth           0%         3d5*      100%        5
 Manifold Assault         Tloc           0%         N/A       100%        5
 Silence                  Hex/Air        0%         N/A       100%        5
 Summon Forest            Summ/Tloc      0%         N/A       100%        5
 Summon Mana Viper        Hex/Summ       0%         N/A       100%        5
 Yara's Violent Unravell  Hex/Tmut       0%         3d3       100%        5
 Death Channel            Necr           0%         N/A       100%        6
 Eringya's Noxious Bog    Tmut/Pois      0%         N/A       100%        6
 Iron Shot                Conj/Erth      0%         9d1       100%        6
 Simulacrum               Ice/Necr       0%         N/A       100%        6
 Starburst                Conj/Fire      0%         6d3       100%        6
 Summon Cactus Giant      Summ           0%         N/A       100%        6
 Spellforged Servitor     Conj/Summ      0%         N/A       100%        7
 Storm Form               Tmut/Air       0%         N/A       100%        7
 Lehudib's Crystal Spear  Conj/Erth      0%         10d2      100%        8
 Summon Horrible Things   Summ           0%         N/A       100%        8
 Chain Lightning          Conj/Air       0%         N/A       100%        9
 Fire Storm               Conj/Fire      0%         5d1       100%        9
 Polar Vortex             Ice            0%         N/A       100%        9
 Shatter                  Erth           0%         3d5*      100%        9


Dungeon Overview and Level Annotations

Branches:
Dungeon (1/1)

Altars:
Ashenzari
Cheibriados
Dithmenos
Elyvilon
Fedhas
Gozag
Hepliaklqana
Kikubaaqudgha
Makhleb
Nemelex Xobeh
Okawaru
Qazlal
Ru
Sif Muna
Trog
Uskayaw
Vehumet
Wu Jian
Xom
Yredelemnul
Zin
The Shining One
Jiyva
Lugonu


Innate Abilities, Weirdness & Mutations

Your serpentine skin is tough. (AC +4)
You have supernaturally acute eyesight. (SInv)
Armour fits poorly on your strangely shaped body.
Your system is resistant to poisons. (rPois)
You cover ground very slowly.
You can spit poison.
You can use your snake-like lower body to constrict enemies.


Message History

Activating: Slouch (0% risk of failure)
Press: ? - help, Dir - look around, f - activate You can feel time thicken for a moment.
You block the iron golem's attack.
GONNNNG!
You block the iron golem's attack.
BONNNG!
You block the iron golem's attack.
PTOANNNG!
You block the iron golem's attack.
GONNNNG!
The iron dragon bites you!
* * * LOW HITPOINT WARNING * * *
You block the iron dragon's attack.
BONNNG!
The iron dragon tramples you but does no damage.
The iron golem misses you. You block the iron golem's attack.
SHROANNG!
The iron golem closely misses you. You block the iron golem's attack.
BOUMMMMG!
The iron golem hits you!
* * * LOW HITPOINT WARNING * * *
The iron golem hits you!
* * * LOW HITPOINT WARNING * * *
Unknown command.
Unknown command.
Magic courses through your body. You block the iron golem's attack.
GONNNNG!
You block the iron golem's attack.
GONNNNG!
You block the iron golem's attack.
GONNNNG!
The iron golem barely misses you. You block the iron golem's attack.
GONNNNG!
You block the iron golem's attack.
BOUMMMMG!
The iron dragon barely misses you. x2
The iron dragon tramples you but does no damage.
The iron golem hits you but does no damage.
The iron golem hits you!!
You die...

▓....))...
▓..))?)})}}}..▓.........
▓.............▓..▓.....▓
▓.†......)....▓.▓.▓)))▓.
▓.........(...▓..▓.).).▓
▓......)......▓....)©)..
▓.............▓▓▓▓▓▓▓▓▓▓
▓..999..▓ ▓...8©8... ▓
▓▓.9@D.▓▓ ▓...)):)}.
▓..▓..9....▓..▓..).[....
▓.............▓.....÷...
▓......©......▓.....[...
▓▓▓▓▓▓▓▓▓▓▓▓▓▓▓.).÷).|..
▓....).... ▓.........
▓......... ▓....©....


You could see 5 iron golems and an iron dragon.

Vanquished Creatures
  A quicksilver dragon (D)
  A nagaraja (D)
  A draconian scorcher (D)
  2 iron dragons (D)
  A draconian shifter (D)
  A black draconian (D)
  A stone giant (D)
  A purple draconian (D)
  A white draconian (D)
  A green draconian (D)
  4 yellow draconians (D)
  A red draconian (D)
  An iron golem (D)
  3 crystal guardians (D)
  2 fire dragons (D)
  4 hydras (D)
  An ice dragon (D)
  An anaconda (D)
  A death yak (D)
  2 naga warriors (D)
  A thrashing horror (D)
  2 vampire magi (D)
  A spriggan berserker (D)
  A skeletal warrior (D)
  5 death drakes (D)
  2 swamp dragons (D)
  4 necromancers (D)
  2 elephants (D)
  A naga mage (D)
  A cane toad (D)
  2 gargoyles (D)
  3 guardian serpents (D)
  3 komodo dragons (D)
  7 rime drakes (D)
  2 freezing wraiths (D)
  A polar bear (D)
  A dream sheep (D)
  A vampire (D)
  5 shadows (D)
  2 spriggans (D)
  6 wyverns (D)
  A steam dragon (D)
  A basilisk (D)
  A naga (D)
  4 acid dragons (D)
  A floating eye (D)
  6 water moccasins (D)
  A swamp drake (D)
  2 orc warriors (D)
  4 ice beasts (D)
  A black bear (D)
  4 earth elementals (D)
  2 necrophages (D)
  5 wights (D)
  A small abomination (D)
  A crimson imp (D)
  3 quasits (D)
  2 jellies (D)
  3 orc priests (D)
  5 iron imps (D)
  2 orc wizards (D)
  2 adders (D)
  4 shadow imps (D)
  3 white imps (D)
  4 ufetubi (D)
  An adder skeleton (D)
  2 orcs (D)
  A bat zombie (D)
  An endoplasm (D)
  A ball python (D)
  A ball python simulacrum (D)
  A ball python skeleton (D)
  A ball python zombie (D)
  A jackal zombie (D)
  A quokka skeleton (D)
  2 quokka zombies (D)
160 creatures vanquished.

Vanquished Creatures (others)
  A purple draconian (D)
1 creature vanquished.

Grand Total: 161 creatures vanquished

Notes
Turn   | Place    | Note
-------+----------+-------------------------------------------
     0 | D        | Groucho the Naga Fighter began the quest for the Orb.
     0 | D        | Reached XP level 1. HP: 21/21 MP: 1/1
    13 | D        | Found a blossoming altar of Fedhas.
    13 | D        | Found the +6 Majin-Bo {vamp, MP+6 Int+6}
    13 | D        | Found the +9 heavy crossbow "Sniper" {vorpal, Acc+∞ SInv}
    13 | D        | Found the +10 dark maul {vorpal}
    13 | D        | Found the +15 Maxwell's patent armour {-Cast -Tele rElec
                  | Will+ rCorr}
    13 | D        | Found the +18 shield of the Gong {rElec rN+ Will+ EV-5}
    13 | D        | Found the +14 obsidian axe {vorpal, Mesm Drain Fly SInv}
    13 | D        | Found the +7 great mace "Firestarter" {inner flame, rF++}
    13 | D        | Found the +6 shillelagh "Devastator" {shatter}
    13 | D        | Found the +11 plutonium sword {Contam Stlth-}
    13 | D        | Found the +8 lance "Wyrmbane" {slay drac, rPois rF+ rC+
                  | AC+3}
    13 | D        | Found the +9 sword of Zonguldrok {reap}
    13 | D        | Found the +13 scythe of Curses {drain, Drain}
    13 | D        | Found the +5 sword of Power {vorpal}
    13 | D        | Found the +7 mace of Variability {chain chaos}
    13 | D        | Found the +7 Singing Sword {vorpal, sonic wave}
    13 | D        | Found the +8 storm bow {elec, penet}
    14 | D        | Found a transporter.
    14 | D        | Found a viscous altar of Jiyva.
    14 | D        | Found an ancient bone altar of Kikubaaqudgha.
    14 | D        | Found a hazy altar of Hepliaklqana.
    14 | D        | Found a corrupted altar of Lugonu.
    14 | D        | Found an opulent altar of Gozag.
    14 | D        | Found a burning altar of Makhleb.
    21 | D        | Found a sparkling altar of Nemelex Xobeh.
    21 | D        | Found an iron altar of Okawaru.
    21 | D        | Found a stormy altar of Qazlal.
    21 | D        | Found a sacrificial altar of Ru.
    46 | D        | Became a worshipper of Cheibriados the Contemplative
    56 | D        | Found a shimmering blue altar of Sif Muna.
    56 | D        | Found a bloodstained altar of Trog.
    91 | D        | Entered arena 2.
    91 | D        | Noticed an orc priest
    91 | D        | Noticed an orc priest
    91 | D        | Found a transporter.
    93 | D        | Killed an orc priest
    93 | D        | Killed an orc priest
    93 | D        | Reached * piety under Cheibriados
    94 | D        | Reached skill level 1 in Ranged Weapons
    94 | D        | Reached skill level 1 in Dodging
    94 | D        | Reached skill level 3 in Invocations
    94 | D        | Reached XP level 2. HP: 30/30 MP: 1/4
    94 | D        | Reached XP level 3. HP: 36/36 MP: 1/5
    94 | D        | Reached XP level 4. HP: 44/44 MP: 1/6
   100 | D        | Got Mesedeg's Discourse on the Rocks
   533 | D        | Entered arena 3.
   533 | D        | Noticed a spriggan
   533 | D        | Noticed a spriggan
   533 | D        | Noticed a black bear
   533 | D        | Found a transporter.
   538 | D        | Killed a spriggan
   539 | D        | Reached skill level 5 in Shields
   539 | D        | Reached skill level 5 in Invocations
   539 | D        | Reached XP level 5. HP: 38/51 MP: 6/9
   540 | D        | Killed a spriggan
   540 | D        | Reached ** piety under Cheibriados
   540 | D        | Killed a black bear
   541 | D        | Reached skill level 5 in Fighting
   541 | D        | Reached skill level 5 in Maces & Flails
   541 | D        | Reached skill level 5 in Armour
   541 | D        | Reached skill level 7 in Invocations
   541 | D        | Reached XP level 6. HP: 34/61 MP: 6/11
   541 | D        | Reached XP level 7. HP: 38/67 MP: 6/12
   841 | D        | Entered arena 4.
   841 | D        | Found a transporter.
   847 | D        | Reached *** piety under Cheibriados
   851 | D        | Reached **** piety under Cheibriados
   865 | D        | Entered arena 5.
   865 | D        | Found a transporter.
   866 | D        | Reached ***** piety under Cheibriados
   893 | D        | Entered arena 6.
   893 | D        | Noticed a polar bear
   893 | D        | Found a transporter.
   895 | D        | Killed a polar bear
   896 | D        | Reached skill level 8 in Invocations
   896 | D        | Reached XP level 8. HP: 78/78 MP: 2/14
   901 | D        | Got the Atlas of Clouds
   979 | D        | Entered arena 7.
   979 | D        | Noticed a thrashing horror
   980 | D        | Killed a thrashing horror
   980 | D        | Reached ****** piety under Cheibriados
   981 | D        | Reached skill level 5 in Ranged Weapons
   981 | D        | Reached skill level 5 in Dodging
   981 | D        | Reached skill level 9 in Invocations
   981 | D        | Reached XP level 9. HP: 85/85 MP: 9/16
   987 | D        | Found a transporter.
  1006 | D        | Entered arena 8.
  1008 | D        | Found a transporter.
  1016 | D        | Got the ring of Neiretio {rPois rN+ SInv}
  1021 | D        | Got the +5 morningstar "Luxuxzoc" {elec, Fly Dex+2 Stlth+}
  1024 | D        | Entered arena 9.
  1027 | D        | Reached skill level 10 in Invocations
  1027 | D        | Found a transporter.
  1063 | D        | Entered arena 10.
  1063 | D        | Found the +5 scythe "Finisher" {speed, eviscerate}
  1065 | D        | Found a transporter.
  1079 | D        | Got the Vellum of Red-Hot Poisoning
  1082 | D        | Entered arena 11.
  1082 | D        | Found the +8 demon blade "Leech" {vamp, Harm Drain rN+}
  1082 | D        | Noticed a freezing wraith
  1082 | D        | Noticed a rime drake
  1082 | D        | Noticed a rime drake
  1082 | D        | Noticed a rime drake
  1082 | D        | Noticed a rime drake
  1082 | D        | Noticed a freezing wraith
  1083 | D        | Killed a rime drake
  1083 | D        | Killed a rime drake
  1083 | D        | Killed a rime drake
  1083 | D        | Killed a rime drake
  1084 | D        | Reached skill level 11 in Invocations
  1084 | D        | Reached XP level 10. HP: 96/96 MP: 11/18
  1086 | D        | Reached skill level 10 in Shields
  1086 | D        | Found a transporter.
  1273 | D        | Got the amulet "Idduguq" {Faith Slay+3}
  1280 | D        | Got the Directory of Viperous Sculpting
  1284 | D        | Entered arena 12.
  1284 | D        | Noticed an eight-headed hydra
  1284 | D        | Noticed a six-headed hydra
  1284 | D        | Noticed a death drake
  1284 | D        | Noticed a death drake
  1287 | D        | Reached skill level 12 in Invocations
  1287 | D        | Killed a death drake
  1288 | D        | Killed a death drake
  1288 | D        | Killed an eight-headed hydra
  1288 | D        | Killed a six-headed hydra
  1289 | D        | Reached skill level 10 in Armour
  1289 | D        | Reached skill level 13 in Invocations
  1289 | D        | Reached XP level 11. HP: 106/106 MP: 3/20
  1555 | D        | Found a transporter.
  1572 | D        | Entered arena 13.
  1572 | D        | Found the +3 greatsling "Punk" {acid, rCorr}
  1572 | D        | Found the +12 glaive of Prune {vorpal}
  1572 | D        | Noticed a vampire mage
  1574 | D        | Noticed a jiangshi
  1575 | D        | Killed a vampire mage
  1575 | D        | Noticed a necromancer
  1577 | D        | Noticed a necromancer
  1579 | D        | Killed a necromancer
  1580 | D        | Killed a necromancer
  1817 | D        | Found a transporter.
  1829 | D        | Got the Tome of Fiery Blight
  1847 | D        | Entered arena 14.
  1848 | D        | Noticed a red draconian scorcher
  1848 | D        | Noticed a black draconian
  1848 | D        | Noticed a white draconian
  1848 | D        | Noticed a purple draconian
  1848 | D        | Noticed a red draconian
  1848 | D        | Noticed a yellow draconian
  1848 | D        | Noticed a yellow draconian
  1848 | D        | Noticed a purple draconian
  1848 | D        | Noticed a yellow draconian
  1848 | D        | Identified the ring "Hupydiv" {rC+ rCorr Str+6}
  1848 | D        | Noticed a yellow draconian
  1848 | D        | Noticed a green draconian
  1848 | D        | Noticed a purple draconian shifter
  1852 | D        | Killed a red draconian
  1852 | D        | Killed a green draconian
  1852 | D        | Killed a purple draconian
  1853 | D        | Reached skill level 14 in Invocations
  1853 | D        | Killed a yellow draconian
  1853 | D        | Killed a red draconian scorcher
  1853 | D        | Killed a black draconian
  1853 | D        | Killed a white draconian
  1853 | D        | Killed a yellow draconian
  1853 | D        | Killed a yellow draconian
  1853 | D        | Killed a yellow draconian
  1853 | D        | Killed a purple draconian
  1853 | D        | Killed a purple draconian shifter
  1854 | D        | Reached skill level 10 in Fighting
  1854 | D        | Reached skill level 10 in Maces & Flails
  1854 | D        | Reached skill level 15 in Invocations
  1854 | D        | Reached XP level 12. HP: 20/118 MP: 1/23
  2210 | D        | Found a transporter.
  2217 | D        | Got the Cyclopedia of the Variable Arsonist
  2223 | D        | Got Sif Muna's Book of Combustion and Enchantment
  2237 | D        | Entered arena 15.
  2238 | D        | Noticed a vampire mage
  2241 | D        | Killed a vampire mage
  2243 | D        | Reached skill level 16 in Invocations
  2248 | D        | Found a transporter.
  2292 | D        | Entered arena 16.
  2293 | D        | Noticed a spriggan berserker
  2293 | D        | Noticed an eight-headed hydra
  2293 | D        | Noticed a death yak
  2294 | D        | Killed a spriggan berserker
  2296 | D        | Reached skill level 10 in Ranged Weapons
  2296 | D        | Gained mutation: You can use your snake-like lower body to
                  | constrict enemies. [Naga growth]
  2296 | D        | Reached XP level 13. HP: 127/127 MP: 14/25
  2298 | D        | Found a transporter.
  2304 | D        | Got the ring of Somor {rC+ rN+ MP+9 EV+4}
  2355 | D        | Entered arena 17.
  2358 | D        | Noticed a nagaraja
  2362 | D        | Reached skill level 17 in Invocations
  2362 | D        | Killed a nagaraja
  2366 | D        | Reached skill level 15 in Shields
  2367 | D        | Found a transporter.
  2375 | D        | Got the ring "Kaopnipt" {Will+ Str+6 Int+3}
  2383 | D        | Got the Quarto of Concussion
  2385 | D        | Got the ring "Zuevus" {Ice Fly SInv}
  2388 | D        | Got the ring of Tomorrow {rPois rF+ Str+6 Int-3}
  2715 | D        | Entered arena 18.
  2718 | D        | Noticed a fire dragon
  2718 | D        | Noticed an ice dragon
  2718 | D        | Noticed a fire dragon
  2721 | D        | Killed an ice dragon
  2722 | D        | Reached skill level 10 in Dodging
  2722 | D        | Killed a fire dragon
  2722 | D        | Killed a fire dragon
  2803 | D        | Found a transporter.
  2810 | D        | Got the Spellbook of Formation and Metamorphosis
  2814 | D        | Got the Directory of the Blaze
  2816 | D        | Got the ring "Pytoq" {Str+6 Stlth+}
  2820 | D        | Got the ring of Untruth {+Blink rN+++ MP+9 Int+10}
  2824 | D        | Got the Tome of Sandy Clouds
  2828 | D        | Got the ring of Hulex {rElec rN+}
  2834 | D        | Entered arena 19.
  2837 | D        | Noticed an iron golem
  2837 | D        | Noticed an iron dragon
  2837 | D        | Noticed a crystal guardian
  2837 | D        | Noticed an iron golem
  2837 | D        | Noticed an iron golem
  2837 | D        | Noticed a stone giant
  2837 | D        | Noticed a crystal guardian
  2837 | D        | Noticed an iron golem
  2837 | D        | Noticed an iron golem
  2837 | D        | Noticed a crystal guardian
  2838 | D        | Noticed an iron dragon
  2838 | D        | Noticed a quicksilver dragon
  2840 | D        | Killed a crystal guardian
  2840 | D        | Killed a stone giant
  2840 | D        | Killed a quicksilver dragon
  2840 | D        | Killed a crystal guardian
  2841 | D        | Reached XP level 14. HP: 132/139 MP: 19/26
  2841 | D        | Noticed an iron dragon
  2843 | D        | Killed an iron dragon
  2844 | D        | Reached skill level 18 in Invocations
  2844 | D        | Killed an iron dragon
  2845 | D        | Reached skill level 15 in Armour
  2868 | D        | Demolished by an iron golem

Illustrated notes

Levels and vault maps discovered:
D:        sprint_v [room_start, room_1, room_2, room_3, room_4, room_5, room_6,
          room_7, room_8, room_9, room_10, room_11, room_12, room_13, room_14,
          room_15, room_16, room_17, room_18, room_19, room_20, room_21,
          room_22, room_23, room_24, room_25, room_26, room_27]

Skill      XL: |  1  2  3  4  5  6  7  8  9 10 11 12 13 14 |
---------------+-------------------------------------------+-----
Maces & Flails | 3 4 5 6 7 8 10 11 12 | 12.8
Ranged Weapons | 1 3 4 5 6 7 9 10 12 | 12.5
Armour         | 3 4 5 7 9 10 12 13 14 15 | 15.1
Dodging        | 1 2 3 4 5 7 8 9 10 | 10.7
Shields        | 4 5 6 7 8 9 11 13 14 16 | 16.3
Invocations    | 3 5 7 8 9 11 13 15 16 17 18 | 18.1
Fighting       | 4 5 6 7 9 10 11 12 13 | 13.0

Action                   |  1- 3 |  4- 6 |  7- 9 | 10-12 | 13-15 || total
-------------------------+-------+-------+-------+-------+-------++-------
Melee: Shillelagh        |     1 |     4 |     5 |       |    14 ||    24
       Constrict         |       |       |       |       |     1 ||     1
 Fire: Hand crossbow     |       |       |     4 |    14 |     6 ||    24
Invok: Slouch            |       |       |     8 |    16 |    18 ||    42
  Use: Scroll            |       |       |       |       |     1 ||     1
       Potion            |       |       |       |       |     8 ||     8
Armor: Plate armour      |       |     5 |     3 |     2 |    34 ||    44
Dodge: Dodged            |       |     1 |       |     4 |    42 ||    47
Block: Kite shield       |       |    12 |    10 |    15 |   117 ||   154
       Reflection        |       |       |     1 |     3 |     5 ||     9
